 Dungeon Crawl Stone Soup version 0.31.0-12-g77e489cdc1 (webtiles) character file.

Game seed: 9233122607529592832

601 spaghetti the Covert (level 7, -2/60 HPs)
             Began as a Naga Hunter on Feb 18, 2024.
             Was a Follower of Okawaru.
             Slain by a lemure (4 damage)
             ... led by Pikel
             ... on level 5 of the Dungeon.
             The game lasted 00:03:13 (3659 turns).

spaghetti the Covert (Naga Hunter)                  Turns: 3659, Time: 00:03:13

Health: -2/60      AC:  8    Str: 14    XL:     7   Next: 41%
Magic:  5/7        EV: 13    Int:  9    God:    Okawaru [*.....]
Gold:   143        SH:  0    Dex: 20    Spells: 6/6 levels left

rFire   . . .        a - +0 shortbow
rCold   . . .        (shield currently unavailable)
rNeg    . . .        n - +2 leather armour "Pibotz" {Dex+4 Stlth+}
rPois   +            (no helmet)
rElec   .            s - +1 cloak
rCorr   .            (no gloves)
SInv    +            (no barding)
Will    +....        (no amulet)
Stlth   +++++++      q - +4 ring of slaying
HPRegen 0.30/turn    (no ring)
MPRegen 0.10/turn

%: no passive effects
@: short of breath, heroic, attractive, enlightened, flying, hasted, quick
A: AC +2, large, see invisible, deformed body, poison resistance, slowness 2,
spit poison 1, naga tail 1
a: Spit Poison, Renounce Religion, Heroism


You were on level 5 of the Dungeon.
You worshipped Okawaru.
Okawaru was aware of your devotion.
You visited 2 branches of the dungeon, and saw 6 of its levels.

You collected 143 gold pieces.

Inventory:

Hand Weapons
 a - a +0 shortbow (weapon)
Armour
 c - a +0 leather armour
 n - the +2 leather armour "Pibotz" (worn) {Dex+4 Stlth+}
   (You found it on level 3 of the Dungeon)

   Dex+4:     It affects your dexterity (+4).
   Stlth+:    It makes you more stealthy.
 s - a +1 cloak (worn)
Jewellery
 q - a +4 ring of slaying (left hand)
Scrolls
 b - 2 scrolls of butterflies
 g - a scroll of silence
 h - a scroll of enchant armour
 l - a scroll of revelation
 o - a scroll of blinking
 p - a scroll of noise
 u - a scroll of vulnerability
Potions
 d - a potion of brilliance
 i - a potion of resistance
 j - 4 potions of curing {unknown}
 k - a potion of might {unknown}
 m - 2 potions of haste
 r - a potion of ambrosia {unknown}
 t - 2 potions of lignification {unknown}


   Skills:
 - Level 2.0(7.0) Fighting
 + Level 6.1(11.1) Ranged Weapons
 - Level 1.5(6.5) Dodging
 + Level 8.6(13.6) Stealth
 + Level 0.4 Invocations


You had 6 spell levels left.
You didn't know any spells.
Your spell library was empty.

Dungeon Overview and Level Annotations

Branches:
Dungeon (5/15)             Temple (1/1) D:4

Altars:
Ashenzari
Dithmenos
Hepliaklqana
Makhleb
Nemelex Xobeh
Okawaru
Qazlal
Uskayaw
Vehumet
Xom

Shops:
D:1 [

Annotations:
D:5 Pikel


Innate Abilities, Weirdness & Mutations

Your serpentine skin is tough. (AC +2)
You have supernaturally acute eyesight. (SInv)
Armour fits poorly on your strangely shaped body.
Your system is resistant to poisons. (rPois)
You cover ground very slowly.
You can spit poison.
You have a snake-like lower body.


Message History

Pikel is moderately wounded.
The lemure closely misses you. The lemure misses you. The lemure hits you!
Pikel barely misses you.
You aren't carrying any items that you can evoke.
Aiming: Spit Poison (1% risk of failure)
Press: ? - help, Shift-Dir - straight line, f/p - Pikel
Aim: Pikel, wielding a +1 whip of flaming and wearing a +0 robe (moderately wounded, 50% to hit)
The splash of poison hits Pikel!
Pikel is poisoned.
Pikel is heavily wounded.
The lemure barely misses you. x2; The lemure hits you but does no damage.
Pikel hits you with a +1 whip of flaming.
Pikel burns you.
Unknown command.
As you read the scroll labelled KUCKIM ACVAPU, it crumbles to dust.
It is a scroll of enchant armour.
Your +0 cloak glows green for a moment.
The lemure closely misses you.
Pikel hits you with a +1 whip of flaming!
* * * LOW HITPOINT WARNING * * *
Pikel burns you.
* * * LOW HITPOINT WARNING * * *
The lemure closely misses you. The lemure hits you.
* * * LOW HITPOINT WARNING * * *
It was a potion of enlightenment.
You feel very buoyant.
You fly up into the air.
The lemure hits you.
* * * LOW HITPOINT WARNING * * *
Pikel cracks his whip.
Pikel barely misses you. The lemure hits you but does no damage.
The lemure closely misses you.
It was a potion of attraction.
You feel attractive to monsters. The lemure closely misses you.
The lemure barely misses you. The lemure closely misses you.
Pikel hits you with a +1 whip of flaming.
* * * LOW HITPOINT WARNING * * *
Pikel burns you.
* * * LOW HITPOINT WARNING * * *
It was a potion of haste.
You feel yourself speed up. The lemure hits you but does no damage.
The lemure hits you.
You die...

......####.#
.........#.#
...#####.#.# ...# #.#.#
...# #.#.######
...#####.#......#
.........+......+ ' .
..######.#......####....
...............5@55.....
.#.....#.#.#####5K.#####
.#.###.#.#.# #...# .#.#
#.#.#.# ##### .#.#
#.#.#.# ##.###.#.#)#
.........#.#
.#.###.###.# .#...#.#


You could see Pikel (poisoned) and 4 lemures.

Vanquished Creatures
  A black bear (D:5)
  A phantom (D:4)
  A centaur (D:5)
  A jelly (D:4)
  An orc priest (D:5)
  A hound (D:5)
  Terence (D:3)
  2 iguanas
  Natasha (D:3)
  An orc wizard (D:5)
  4 gnolls (D:4)
  2 adders
  A white imp (D:5)
  2 dart slugs (D:3)
  2 ribbon worms
  3 orcs
  4 bats
  6 endoplasms
  3 giant cockroaches
  3 goblins
  8 hobgoblins
  6 kobolds
  3 quokkas
  8 ball pythons
  8 frilled lizards
  4 rats
78 creatures vanquished.

Notes
Turn   | Place    | Note
-------+----------+-------------------------------------------
     0 | D:1      | spaghetti the Naga Hunter began the quest for the Orb.
     0 | D:1      | Reached XP level 1. HP: 19/19 MP: 1/1
    74 | D:1      | Reached skill level 2 in Stealth
   160 | D:1      | Reached XP level 2. HP: 26/26 MP: 2/2
   269 | D:1      | Found Cexzoall's Antique Armour Shoppe.
   394 | D:1      | Reached skill level 3 in Stealth
   674 | D:2      | Reached XP level 3. HP: 32/32 MP: 3/3
  1177 | D:2      | Reached skill level 4 in Stealth
  1448 | D:3      | Identified the +2 leather armour "Pibotz" {Dex+4 Stlth+}
  1686 | D:3      | Reached XP level 4. HP: 39/39 MP: 4/4
  1946 | D:3      | Noticed Terence
  1951 | D:3      | Killed Terence
  2200 | D:3      | Noticed Natasha
  2202 | D:3      | Killed Natasha
  2203 | D:3      | Reached skill level 5 in Stealth
  2203 | D:3      | Reached XP level 5. HP: 45/45 MP: 5/5
  2664 | D:4      | Reached skill level 5 in Ranged Weapons
  2736 | D:4      | Found a staircase to the Ecumenical Temple.
  2748 | D:4      | Reached skill level 6 in Stealth
  2755 | Temple   | Entered the Ecumenical Temple
  2764 | Temple   | Became a worshipper of Warmaster Okawaru
  2806 | D:4      | Noticed a phantom
  2813 | D:4      | Killed a phantom
  2814 | D:4      | Reached XP level 6. HP: 45/52 MP: 6/6
  2881 | D:4      | Reached skill level 7 in Stealth
  3235 | D:5      | Entered Level 5 of the Dungeon
  3424 | D:5      | Noticed a black bear
  3429 | D:5      | Killed a black bear
  3429 | D:5      | Reached * piety under Okawaru
  3430 | D:5      | Reached skill level 8 in Stealth
  3430 | D:5      | Reached XP level 7. HP: 60/60 MP: 7/7
  3641 | D:5      | Noticed Pikel
  3658 | D:5      | HP: 3/60 [Pikel/+1 whip of flaming (3)]
  3659 | D:5      | Slain by a lemure

Illustrated notes

Levels and vault maps discovered:
D:1:      scummos_arrival_simple_fountains, layout_rooms, serial_shops, shop
D:2:      layout_basic, minmay_misc_feat_room, eino_tiny_chamber
D:3:      layout_basic, uniq_natasha, uniq_terence
D:4:      layout_basic, minmay_temple_entry_trees, minmay_puff, uniq_robin
D:5:      minmay_spotlight, layout_basic, uniq_pikel, uniq_menkaure
Temple:   nicolae_temple_ecumenical_triangle

Skill      XL: |  1  2  3  4  5  6  7 |
---------------+----------------------+-----
Stealth        | 2 3 4 5 6 8 |  8.6
Ranged Weapons | 4 5 6 |  6.1
Fighting       | |  2.0
Dodging        | |  1.5
Invocations    | |  0.4

Action                     |  1- 3 |  4- 6 |  7- 9 || total
---------------------------+-------+-------+-------++-------
   Fire: Shortbow          |   110 |    93 |    23 ||   226
 Invoke: Heroism           |       |       |     1 ||     1
Ability: Spit Poison       |       |       |     2 ||     2
    Use: Scroll            |       |     7 |     1 ||     8
         Potion            |       |       |     3 ||     3
 Armour: Leather armour    |    20 |    13 |    28 ||    61
  Dodge: Dodged            |    14 |     7 |    25 ||    46
